 Dungeon Crawl Stone Soup version 0.30.1-9-gdf580d7c3d (webtiles) character file.

Game seed: 7755438561795302669

136 monsoonserge the Ducker (level 5, -7/46 HPs)
             Began as a Meteoran Monk on Oct 21, 2023.
             Mangled by an ogre
             ... wielding a +0 giant club
              (15 damage)
             ... on level 4 of the Dungeon.
             The game lasted 00:08:07 (1486 turns).

monsoonserge the Ducker (Meteoran Monk)             Turns: 1486, Time: 00:08:08

Health: -7/46      AC:  6    Str: 10 (12) XL:     5   Next: 71%
Magic:  2/2        EV: 12    Int: 10 (12) God:
Gold:   195        SH:  0    Dex: 17 (18) Spells: 4/4 levels left

rFire   . . .        p - +2 dagger (antimagic)
rCold   . . .        d - orb {light}
rNeg    . . .        f - +0 ring mail
rPois   .            (no helmet)
rElec   .            (no cloak)
rCorr   .            e - +0 pair of gloves
SInv    .            (no boots)
Will    .....        (no amulet)
Stlth   +            (no ring)
HPRegen 0.27/turn    (no ring)
MPRegen 0.08/turn

%: no passive effects
@: lethally poisoned (-7 -> -8), attractive, flying, glowing
A: sense surroundings 1, otherworldly, glowing, explore regen
a: no special abilities


You were on level 4 of the Dungeon.
You visited 1 branch of the dungeon, and saw 4 of its levels.

You collected 195 gold pieces.

Inventory:

Hand Weapons
 a - a +0 falchion
 p - a +2 antimagic dagger (weapon)
Missiles
 r - 4 poisoned darts (quivered)
 x - 6 boomerangs
Armour
 b - a +0 robe
 d - an orb of light (worn)
 e - a +0 pair of gloves (worn)
 f - a +0 ring mail (worn)
Jewellery
 q - a ring of wizardry
 y - a ring of magical power
Scrolls
 g - a scroll of fog {unknown}
 h - 3 scrolls of identify {unknown}
 i - a scroll of acquirement {unknown}
 j - 5 scrolls of fear {unknown}
 k - 6 scrolls of teleportation {unknown}
 l - 4 scrolls of enchant armour {unknown}
 o - a scroll of poison {unknown}
 s - a scroll of immolation {unknown}
 u - 2 scrolls of silence {unknown}
 v - a scroll of torment {unknown}
Potions
 c - 2 potions of ambrosia
 m - 3 potions of degeneration
 n - a potion of heal wounds {unknown}
 t - 2 potions of flight
 w - a potion of attraction


   Skills:
 + Level 4.2 Fighting
 + Level 2.0(3.3) Short Blades
 - Level 4.4(4.7) Long Blades
 + Level 1.7 Armour
 + Level 4.5 Dodging


You had 4 spell levels left.
You didn't know any spells.
Your spell library contained the following spells:

 Spells                   Type           Power      Damage    Failure   Level
 Slow                     Hex            0%         N/A       67%         1
 Call Canine Familiar     Summ           0%         N/A       96%         3
 Confusing Touch          Hex            0%         N/A       96%         3
 Portal Projectile        Hex/Tloc       0%         N/A       96%         3
 Vampiric Draining        Necr           0%         2d6       96%         3
 Leda's Liquefaction      Hex/Erth       0%         N/A       100%        4


Dungeon Overview and Level Annotations

Branches:
Dungeon (4/15) Zot: 922
 Temple: D:4-7

Altars:
Trog
Xom

Shops:
D:1 =


Innate Abilities, Weirdness & Mutations

You passively map a small area around you.
You are easily found by Zot.
You glow in the dark.
You regain HP and MP as you explore.


Message History

You are poisoned.
The adder poisons you!
You barely miss the adder.
The adder is moderately wounded.
You feel sick. The adder barely misses you.
You barely miss the adder.
The adder is moderately wounded.
You feel sick. The adder bites you but does no damage.
You hit the adder.
The adder is heavily wounded.
You feel sick. The adder barely misses you.
You hit the adder.
The adder is severely wounded.
The adder bites you.
You are more poisoned.
The adder poisons you!
You hit the adder.
You kill the adder!
You feel sick.
Your base Short Blades skill increases to level 2!
You feel sick. The ogre hits you with a +0 giant club!
You see here an adder corpse.
You hit the ogre.
The ogre is lightly wounded.
You feel sick. The ogre hits you with a +0 giant club!
* * * LOW HITPOINT WARNING * * *
Unknown command.
Okay, then.
It was a potion of attraction.
You feel attractive to monsters.
You feel sick.
It was a potion of flight.
You feel very buoyant.
You fly up into the air.
You feel sick. The ogre closely misses you.
Okay, then.
It was a potion of degeneration.
There was something very wrong with that liquid.
You feel weakened.
You feel dopey.
You feel clumsy.
You feel sick. The ogre hits you with a +0 giant club!
You die...

* ##..###..#
........# * ,#
#..#...#####
#.#.#........... ,
*,.......)..# * #,
.#.##.#...####.#[.
#.#..............>.
*
#......<.O......#.
#########@#######
#.# , #....#***
####.# # *, *


You could see an ogre.

Vanquished Creatures
  A hound (D:3)
  5 adders
  3 dart slugs
  An orc (D:3)
  5 ball pythons
  2 bats
  2 endoplasms
  2 giant cockroaches
  8 goblins
  4 hobgoblins
  2 jackals (D:1)
  4 quokkas
  4 frilled lizards
  8 kobolds
  6 rats
57 creatures vanquished.

Vanquished Creatures (others)
  A bat (D:3)
1 creature vanquished.

Grand Total: 58 creatures vanquished

Notes
Turn   | Place    | Note
-------+----------+-------------------------------------------
     0 | D:1      | monsoonserge the Meteoran Monk began the quest for the Orb.
     0 | D:1      | Reached XP level 1. HP: 19/19 MP: 2/2
   109 | D:1      | Reached XP level 2. HP: 26/26 MP: 3/3
   373 | D:1      | Reached XP level 3. HP: 25/31 MP: 4/4
   426 | D:1      | Found Ryrank's Jewellery Boutique.
   496 | D:1      | Glimpsed the power of Zot.
   546 | D:1      | Glimpsed the power of Zot.
   617 | D:2      | Found a bloodstained altar of Trog.
   625 | D:2      | Reached XP level 4. HP: 39/40 MP: 5/5
   796 | D:2      | Reached skill level 1 in Armour
   954 | D:3      | Found a shimmering altar of Xom.
   955 | D:3      | Found a shimmering altar of Xom.
   956 | D:3      | Found a shimmering altar of Xom.
   957 | D:3      | Found a shimmering altar of Xom.
   963 | D:3      | Found a faded altar of an unknown god.
  1117 | D:3      | Reached skill level 1 in Short Blades
  1351 | D:3      | Reached XP level 5. HP: 46/46 MP: 2/6
  1468 | D:4      | Noticed an ogre
  1486 | D:4      | Mangled by an ogre

Illustrated notes

Levels and vault maps discovered:
D:1:      minmay_arrival_five_plusses, layout_loops_corners, serial_shops, shop,
          kennysheep_decorative_pillar
D:2:      layout_rooms, basic_altar
D:3:      minmay_diamond_boxcup, layout_loops_ring, xom_redecorated,
          shapermc_ecumenical_altar_starsandcircs, serial_park_tiny_pond,
          nicolae_figureground_sparkle
D:4:      layout_basic, vehumet_altar_wand_db, minmay_temple_entry_purple_smoke,
          uniq_edmund, uniq_sigmund

Skill      XL: |  1  2  3  4  5 |
---------------+----------------+-----
Dodging        | 4 |  4.5
Long Blades    | 4 |  4.4
Armour         | 1 |  1.7
Fighting       | 4 |  4.2
Short Blades   | 1 2 |  2.0

Action                     |  1- 3 |  4- 6 || total
---------------------------+-------+-------++-------
  Melee: Falchion          |    49 |     1 ||    50
         Dagger            |       |   101 ||   101
    Use: Potion            |       |     3 ||     3
 Armour: Robe              |     2 |       ||     2
         Ring mail         |    20 |    37 ||    57
  Dodge: Dodged            |    23 |    52 ||    75
